 Dungeon Crawl Stone Soup version 0.31.0-32-g396128a36d (webtiles) character file.

Game seed: 16620135726145607422

9520 wildpjah the Cleaver (level 11, -1/86 HPs)
             Began as a Demonspawn Gladiator on Mar 24, 2024.
             Was a Believer of Qazlal.
             Slain by a fire elemental (14 damage)
             ... summoned by a deep elf pyromancer
             ... on level 12 of the Dungeon.
             The game lasted 00:30:45 (9698 turns).

wildpjah the Cleaver (Demonspawn Gladiator)         Turns: 9698, Time: 00:30:45

Health: -1/86      AC: 24    Str: 18    XL:     11   Next: 24%
Magic:  11/11      EV: 10    Int: 16    God:    Qazlal [**....]
Gold:   714        SH:  3    Dex: 14    Spells: 10/10 levels left

rFire   . . .        j - +0 hand axe (venom)
rCold   . . .        (no shield)
rNeg    + . .        v - +0 chain mail
rPois   .            t - +2 helmet
rElec   .            k - scarf {shadows}
rCorr   .            N - +0 pair of gloves
SInv    .            (boots unavailable)
Will    .....        (no amulet) Stlth
                     B - +6 ring of intelligence
HPRegen 0.34/turn    F - ring of positive energy
MPRegen 0.12/turn

%: no passive effects
@: about to teleport, sanguine armoured, studying Ice Magic
A: hooves 3, ignite blood 1, powered by death 3, sanguine armour 2
a: Renounce Religion, Upheaval


You were on level 12 of the Dungeon.
You worshipped Qazlal.
Qazlal was pleased with you.
You visited 2 branches of the dungeon, and saw 13 of its levels.

You collected 779 gold pieces.
You spent 65 gold pieces at shops.

Inventory:

Hand Weapons
 e - a +1 dire flail of protection
 j - a +0 hand axe of venom (weapon)
 s - a +1 war axe of venom
 w - a +0 glaive of venom
 y - a +0 battleaxe
 H - a +2 quarterstaff of chaos
 M - a +3 dire flail of freezing
Missiles
 d - a throwing net
 m - 86 stones
 u - 18 poisoned darts
Armour
 b - a +0 leather armour
 k - a scarf of shadows (worn)
 t - a +2 helmet (worn)
 v - a +0 chain mail (worn)
 C - a +0 plate armour
 I - a +0 cloak
 N - a +0 pair of gloves (worn)
Jewellery
 B - a +6 ring of intelligence (left hand)
 F - a ring of positive energy (right hand)
 P - a ring of magical power
 Q - a ring of protection from cold
Wands
 z - a wand of mindburst (10)
 A - a wand of flame (32)
 D - a wand of digging (6)
Scrolls
 g - 3 scrolls of teleportation
 h - a scroll of brand weapon {unknown}
 l - 8 scrolls of identify
 n - a scroll of revelation {unknown}
 o - 2 scrolls of vulnerability {unknown}
 p - 3 scrolls of enchant weapon {unknown}
 x - a scroll of fear {unknown}
 J - a scroll of noise {unknown}
 K - a scroll of immolation {unknown}
 L - 2 scrolls of enchant armour {unknown}
 S - a scroll of poison {unknown}
Potions
 a - a potion of brilliance
 c - a potion of mutation
 f - 3 potions of enlightenment
 i - 6 potions of curing {unknown}
 q - 2 potions of lignification {unknown}
 r - a potion of resistance {unknown}
 G - a potion of haste {unknown}
 O - a potion of ambrosia {unknown}
 R - a potion of might {unknown}


   Skills:
 + Level 8.0 Fighting
 - Level 3.2 Long Blades
 * Level 10.0 Axes
 + Level 3.3 Throwing
 + Level 8.5 Armour
 + Level 5.8 Dodging
 + Level 0.9 Shields
 + Level 0.4 Evocations


You had 10 spell levels left.
You didn't know any spells.
Your spell library contained the following spells:

 Spells                   Type           Power      Damage    Failure   Level
 Magic Dart               Conj           0%         1d3       87%         1
 Blink                    Tloc           0%         N/A       95%         2
 Call Imp                 Summ           0%         N/A       95%         2
 Lesser Beckoning         Tloc           0%         N/A       95%         2
 Gell's Gravitas          Tloc           0%         N/A       99%         3
 Teleport Other           Tloc           0%         N/A       99%         3
 Tukima's Dance           Hex            0%         N/A       99%         3
 Manifold Assault         Tloc           0%         N/A       100%        4
 Passage of Golubria      Tloc           0%         N/A       100%        4
 Yara's Violent Unravell  Hex/Alch       0%         3d3       100%        5
 Dispersal                Tloc           0%         N/A       100%        6


Dungeon Overview and Level Annotations

Branches:
Dungeon (13/15)            Temple (1/1) D:7
   Lair: D:8-11         Orc: D:9-12      Vaults: D:13-14

Altars:
Ashenzari
Cheibriados
Dithmenos
Fedhas
Gozag
Hepliaklqana
Kikubaaqudgha
Makhleb
Nemelex Xobeh
Okawaru
Qazlal
Ru
Sif Muna
Trog
Uskayaw
Vehumet
Wu Jian
Xom
Yredelemnul

Shops:
D:3 ?

Annotations:
D:4 2 transporters, flammie80's ghost, weakling FoMo
D:9 3 runed translucent doors


Innate Abilities, Weirdness & Mutations

You have hooves in place of feet.
Your demonic aura sometimes causes spilled blood to erupt in flames.
You regenerate a lot of health from kills.
When seriously injured, your blood forms thick armour. (AC +9)


Message History

The two-headed ogre hits you with a +0 giant club!
The two-headed ogre barely misses you.
You closely miss the two-headed ogre. You kick the two-headed ogre!
The two-headed ogre is heavily wounded.
You hit the two-headed ogre.
The two-headed ogre is poisoned.
You kick the two-headed ogre!
The two-headed ogre is severely wounded.
The two-headed ogre hits you with a +0 giant club.
The two-headed ogre hits you with a +0 giant club!
You hit the two-headed ogre.
You kick the two-headed ogre, but do no damage.
The two-headed ogre is severely wounded.
The two-headed ogre hits you with a +0 giant club!
Your blood congeals into armour.
You block the two-headed ogre's attack.
You slash the two-headed ogre!
You kick the two-headed ogre, but do no damage.
The two-headed ogre is almost dead.
The deep elf pyromancer casts a spell.
The deep elf pyromancer blinks!
The two-headed ogre is engulfed in blazing flames.
You kill the two-headed ogre!
Qazlal accepts your kill.
Your Fighting skill increases to level 8!
Your Axes skill increases to level 10!
You hit the fire elemental. Your kick misses the fire elemental.
The fire elemental is lightly damaged.
You feel yourself speed up. The fire elemental barely misses you.
The deep elf pyromancer casts a spell at you.
The bolt of fire hits the fire elemental.
The fire elemental completely resists.
The bolt of fire hits the fire elemental.
The fire elemental completely resists.
The bolt of fire hits you!!!
* * * LOW HITPOINT WARNING * * *
The fire elemental hits you. The fire elemental burns you!
* * * LOW HITPOINT WARNING * * *
As you read the scroll of teleportation, it crumbles to dust.
You feel strangely unstable. The fire elemental hits you.
The fire elemental burns you!
You die...

#.######## #.#
.###.
#####.########
.#..
##.....#.......
...
......#.#.######
.. ###.#.....# #.
#.###.###
#####°#####..>..#
.(..eEE@........#
#####E###########
#° #e #. #. ..


You could see a deep elf pyromancer and 3 fire elementals.

Vanquished Creatures
  4 two-headed ogres
  A boulder beetle (D:12)
  A cyclops (D:12)
  2 trolls
  A hornet (D:8)
  2 slime creatures (D:13)
  2 wraiths
  6 yaks (D:10)
  Edmund (D:4)
  A water moccasin (D:6)
  4 orc warriors
  A sky beast (D:8)
  3 black bears
  2 ice beasts
  3 ogres
  3 centaurs
  2 phantoms (D:5)
  A kobold brigand (D:6)
  Blork the orc (D:5)
  A gnoll sergeant (D:9)
  5 bullfrogs
  A scorpion (D:3)
  5 wights (D:8)
  11 killer bees (D:9)
  4 bombardier beetles
  3 lava snakes (D:7)
  7 orc priests
  2 jellies
  Crazy Yiuf (D:7)
  3 hounds (D:7)
  2 iguanas
  2 sleepcaps (D:6)
  5 orc wizards
  8 gnolls
  3 adders
  A shadow imp (D:6)
  A white imp (D:5)
  5 dart slugs
  A ribbon worm (D:5)
  24 orcs
  4 ball pythons
  8 endoplasms
  3 giant cockroaches
  3 hobgoblins
  7 jackals
  2 quokkas
  11 bats
  8 goblins
  13 kobolds
  8 rats
203 creatures vanquished.

Notes
Turn   | Place    | Note
-------+----------+-------------------------------------------
     0 | D:1      | wildpjah the Demonspawn Gladiator began the quest for the
                  | Orb.
     0 | D:1      | Reached XP level 1. HP: 16/16 MP: 1/1
   117 | D:1      | Gained mutation: When seriously injured, your blood forms
                  | armour. (AC +9) [demonic ancestry]
   117 | D:1      | Reached XP level 2. HP: 22/22 MP: 2/2
   277 | D:1      | Gained mutation: You have large cloven feet. [demonic
                  | ancestry]
   277 | D:1      | Reached XP level 3. HP: 27/27 MP: 3/3
   669 | D:2      | Reached skill level 1 in Armour
  1113 | D:2      | Gained mutation: Your demonic aura sometimes causes spilled
                  | blood to erupt in flames. [demonic ancestry]
  1113 | D:2      | Reached XP level 4. HP: 15/34 MP: 4/4
  1800 | D:3      | Gained mutation: You have hoof-like feet. [demonic
                  | ancestry]
  1800 | D:3      | Reached XP level 5. HP: 39/39 MP: 5/5
  1901 | D:3      | Found Hull's Magic Scroll Emporium.
  1907 | D:3      | Bought a scroll of teleportation for 39 gold pieces
  1907 | D:3      | Bought a scroll of identify for 26 gold pieces
  1917 | D:3      | Reached skill level 1 in Axes
  2118 | D:3      | Found a blossoming altar of Fedhas.
  2428 | D:3      | Reached skill level 2 in Axes
  2428 | D:3      | Reached XP level 6. HP: 39/47 MP: 6/6
  2664 | D:4      | Noticed Edmund
  2672 | D:4      | Killed Edmund
  2887 | D:4      | Found a stormy altar of Qazlal.
  2888 | D:4      | Found a sacrificial altar of Ru.
  2892 | D:4      | Became a worshipper of Qazlal Stormbringer
  2909 | D:4      | Gained mutation: You have hooves in place of feet. [demonic
                  | ancestry]
  2909 | D:4      | Reached XP level 7. HP: 6/55 MP: 7/7
  3147 | D:4      | Found a transporter.
  3148 | D:4      | Noticed flammie80's ghost (weakling FoMo)
  3149 | D:4      | Found a transporter.
  3242 | D:5      | Entered Level 5 of the Dungeon
  3365 | D:5      | Reached skill level 5 in Fighting
  3492 | D:5      | Reached skill level 5 in Dodging
  3541 | D:5      | Gained mutation: When seriously injured, your blood forms
                  | thick armour. (AC +9) [demonic ancestry]
  3541 | D:5      | Reached XP level 8. HP: 40/64 MP: 8/8
  3914 | D:5      | Noticed Blork the orc
  3922 | D:5      | Killed Blork the orc
  4326 | D:6      | Found a shadowy altar of Dithmenos.
  4327 | D:6      | Found a hazy altar of Hepliaklqana.
  4332 | D:6      | Found a sparkling altar of Nemelex Xobeh.
  4334 | D:6      | Found a hide-covered altar of Uskayaw.
  4334 | D:6      | Found an ornate altar of the Wu Jian Council.
  4509 | D:6      | Reached skill level 3 in Axes
  4671 | D:6      | Reached * piety under Qazlal
  4678 | D:6      | Reached skill level 4 in Axes
  5059 | D:6      | Gained mutation: You regenerate a little health from kills.
                  | [demonic ancestry]
  5059 | D:6      | Reached XP level 9. HP: 50/71 MP: 9/9
  5269 | D:7      | Reached skill level 5 in Armour
  5634 | D:7      | Reached skill level 5 in Axes
  5760 | D:7      | Found a runed translucent door.
  5761 | D:7      | Noticed Crazy Yiuf
  5768 | D:7      | Killed Crazy Yiuf
  5880 | D:7      | Found a staircase to the Ecumenical Temple.
  5888 | Temple   | Entered the Ecumenical Temple
  7005 | D:8      | Reached skill level 6 in Axes
  7505 | D:8      | Reached ** piety under Qazlal
  7600 | D:8      | Noticed a two-headed ogre
  7606 | D:8      | Killed a two-headed ogre
  7607 | D:8      | Reached skill level 7 in Axes
  7607 | D:8      | Gained mutation: You regenerate health from kills. [demonic
                  | ancestry]
  7607 | D:8      | Reached XP level 10. HP: 79/79 MP: 10/10
  7664 | D:8      | Got the Vellum of the Door
  7774 | D:9      | Found a runed translucent gate.
  7774 | D:9      | Found a runed translucent gate.
  7775 | D:9      | Found a runed translucent gate.
  7775 | D:9      | Noticed a brown ugly thing
  8151 | D:9      | Found a bloodstained altar of Trog.
  8495 | D:9      | Noticed a two-headed ogre
  8505 | D:9      | Killed a two-headed ogre
  8506 | D:9      | Reached skill level 8 in Axes
  8880 | D:10     | Entered Level 10 of the Dungeon
  8963 | D:10     | Reached skill level 9 in Axes
  9315 | D:10     | You fall into a shaft and drop 3 floors!
  9377 | D:12     | Noticed a boulder beetle
  9380 | D:12     | Noticed a two-headed ogre
  9382 | D:12     | Killed a boulder beetle
  9383 | D:12     | Gained mutation: You regenerate a lot of health from kills.
                  | [demonic ancestry]
  9383 | D:12     | Reached XP level 11. HP: 40/86 MP: 11/11
  9492 | D:12     | Killed a two-headed ogre
  9672 | D:12     | Noticed a deep elf pyromancer
  9672 | D:12     | Noticed a two-headed ogre
  9696 | D:12     | Killed a two-headed ogre
  9697 | D:12     | Reached skill level 10 in Axes
  9698 | D:12     | Slain by a fire elemental

Illustrated notes

Levels and vault maps discovered:
D:1:      dpeg_arrival_round_c, layout_rooms
D:2:      layout_basic
D:3:      layout_basic, fedhas_altar_fruit_tree, serial_shops,
          nicolae_shop_trees, nicolae_concentric_dashed_squares_mild
D:4:      layout_cave_pools, jmf_multi_god_temple, gammafunk_ghost_mausoleum,
          uniq_edmund
D:5:      layout_cave_pools, uniq_blork_the_orc
D:6:      layout_rooms, grunt_temple_overflow_open, corner_web_ring,
          minmay_manual_mess
D:7:      layout_layer_cave, minmay_temple_entry_statues_fountains,
          kennysheep_cross_bottleneck, uniq_crazy_yiuf_cottage
D:8:      layout_cave_pools, serial_column_ruins, column_ruins_circle_small,
          column_ruins_hut, column_ruins_grid_1, column_ruins_grid_3,
          column_ruins_grid_4, column_ruins_grid_1, column_ruins_grid_3,
          column_ruins_columns_straight, lightli_orcish_oven
D:9:      layout_grid_maze, mainiacjoe_overflow_surrounded_room,
          ploomutoo_gammafunk_ghost_potion_laboratory
D:10:     layout_roguey, grunt_ministairs_12, chequers_serial_rivers_micro_a
D:12:     cross_vault, layout_loops_ring, serial_shops, shop
D:13:     layout_basic, serial_shops, kennysheep_little_box,
          nicolae_shop_industrial_runoff, kennysheep_generic_room_6, uniq_lodul
Temple:   hellmonk_temple_flake

Skill      XL: |  1  2  3  4  5  6  7  8  9 10 11 |
---------------+----------------------------------+-----
Long Blades    | 3 |  3.2
Dodging        | 3 4 5 |  5.8
Armour         | 1 2 3 4 6 8 |  8.5
Axes           | 2 4 7 9 10 | 10.0
Throwing       | 2 3 |  3.3
Fighting       | 3 4 5 6 7 8 |  8.0
Shields        | |  0.9
Evocations     | |  0.4

Action                     |  1- 3 |  4- 6 |  7- 9 | 10-12 || total
---------------------------+-------+-------+-------+-------++-------
  Melee: Long sword        |    18 |       |       |       ||    18
         Hand axe          |    79 |   124 |   269 |   160 ||   632
         Kick              |    12 |    23 |    93 |    75 ||   203
         Punch             |       |       |     2 |     2 ||     4
         Battleaxe         |       |       |    10 |       ||    10
  Throw: Stone             |       |     5 |    15 |     3 ||    23
         Throwing net      |       |     2 |     1 |       ||     3
         Javelin           |       |     1 |     4 |     4 ||     9
         Dart              |       |       |     2 |     1 ||     3
  Evoke: Wand              |       |       |     2 |     3 ||     5
    Use: Scroll            |       |     1 |     3 |     1 ||     5
   Stab: Sleeping          |       |     2 |       |       ||     2
 Armour: Leather armour    |    56 |    62 |       |       ||   118
         Chain mail        |       |    15 |   248 |   160 ||   423
  Dodge: Dodged            |    80 |    68 |   144 |    93 ||   385
  Block: Other             |       |       |     8 |    19 ||    27
